TKirby, neutral female human Wizard --------------- -------- |.............|######` ---------- |......| #-.............| # |........| |.......########|..............#############.^.......| --------# |<............| # |%.......-## # --------------- ### --.------- # # h ## ### # f@# # # # # ### ### # ### # # # # # ###### ### # ----.----------- ---|--- # ------ #--------------- |...............####|.....|#######-[...| #|..............###### |..............| #......| # |....| #|.............| # |..............| |.....| ##-.>..| #-.............-### ##...............| |.....| |....| --------------- ---------------- |..#..| |....| |.....| |....| ------- ------ TKirby the Conjurer Experience level: 4 Strength: 9 Dexterity: 16 Constitution: 13 Intelligence: 18 Wisdom: 10 Charisma: 12 Health: 0(29) Energy: 17(27) Def: 1 Gold: 827 Moves: 2792 Dungeon seed: 0AJIzBhoUBdx6T5O Game ID: TKirby_1505438591 Your Inventory: Coins $ - 827 gold pieces Weapons a - a blessed +1 quarterstaff (weapon in hands) Armor e - an uncursed +0 cloak of magic resistance (being worn) Comestibles o - 2 uncursed food rations Scrolls i - an uncursed scroll of enchant armor j - a blessed scroll of create monster k - a blessed scroll of remove curse p - an uncursed scroll of teleportation u - an uncursed scroll of taming w - a cursed scroll of blank paper y - 2 uncursed scrolls of identify z - a cursed scroll of identify F - an uncursed scroll of scare monster Spellbooks l - a blessed spellbook of force bolt m - an uncursed spellbook of detect monsters s - an uncursed spellbook of knock Potions f - an uncursed potion of blindness g - an uncursed potion of gain ability h - 2 uncursed potions of water t - an uncursed potion of monster detection v - an uncursed potion of confusion E - an uncursed potion of restore ability Rings c - an uncursed ring of warning (on left hand) d - an uncursed ring of cold resistance q - an uncursed ring of teleport control (on right hand) B - an uncursed +1 ring of adornment Wands b - a wand of speed monster (0:5) Gems n - an uncursed worthless piece of green glass r - an uncursed worthless piece of red glass N - an uncursed worthless piece of black glass Spells and supernatural/magical abilities: Name Level Category Fail Memory a - force bolt 1 attack 0% 87% k - knock 1 matter 0% 88% n - detect monsters 1 divination 0% 87% W - pray for help -- divine ? -- Your skills at the end: Fighting Skills Weapon Skills quarterstaff [Basic] Spellcasting Skills attack spells [Basic] enchantment spells [Basic] Final Attributes: You were devoutly aligned. You were magic-protected. You were telepathic. You were warned. You had teleport control. You are dead. Vanquished creatures: a small mimic a gray ooze a giant ant a floating eye a giant bat an iguana 2 large kobolds 3 giant rats 2 cave spiders a yellow mold 2 red molds 3 geckos 6 jackals a fox a goblin 3 grid bugs a bat 5 lichens a kobold zombie 7 newts 44 creatures vanquished. Voluntary challenges: You were an atheist. You used a wielded weapon 54 times, starting on turn 304. You read items or engraved 4 times, starting on turn 259. You never genocided any monsters. You never polymorphed an object. You never changed form. You used no wishes. You never split a pudding. You never wrote Elbereth's name. You never violated your personal moral code. Dungeon overview: The Dungeons of Doom: levels 1 to 5 Level 1 a long staircase Level 2 a scroll shop a long staircase Level 3 Level 4 Level 5 <- You were here a sink History has recorded: On T:1 you entered the Dungeons of Doom to retrieve the Amulet of Yendor! On T:541 you reached level 2 of The Dungeons of Doom. On T:674 you advanced to experience level 2. On T:985 you advanced to experience level 3. On T:1352 you advanced to experience level 4. On T:1384 you reached level 3 of The Dungeons of Doom. On T:1817 you reached level 4 of The Dungeons of Doom. On T:2147 you reached level 5 of The Dungeons of Doom. Score breakdown: Gold: 827 ( 9926 points) Experience: 4 levels ( 9649 points) Exploration: 5 levels ( 10.42%) ( 8751 points) Discoveries: 6 items ( 2.09%) ( 4337 points) Valuables value: (no points given unless you survive) Artifact value: 0 ( 0 points) Variety of kills: 20 monsters ( 5.25%) ( 6873 points) Turncount: 2792 turns ( -493 points) Survival: died (score multiplied by 80%) Total score: 31234 Latest messages: Maple bites the dwarf. The dwarf thrusts her dagger at maple. The dwarf misses maple. You hit the dwarf. Maple misses the dwarf. You miss the dwarf. The dwarf thrusts her dagger. The dwarf hits! Maple misses the dwarf. (2x) You miss the dwarf. Maple misses the dwarf. You miss the dwarf. The dwarf thrusts her dagger. The dwarf hits! Maple bites the dwarf. The dwarf thrusts her dagger at maple. The dwarf misses maple. Maple misses the dwarf. You stop. Maple is in the way! Maple misses the dwarf. You are beginning to feel hungry. You displace maple. The dwarf thrusts her dagger. The dwarf hits! You die... Final status: Goodbye TKirby the Wizard, killed by a dwarf... You died in The Dungeons of Doom on dungeon level 5 with 31234 points, and 827 pieces of gold, after 2792 moves. You were level 4 with a maximum of 29 hit points when you died.